 Dungeon Crawl Stone Soup version 0.32-a0-818-gb728d0252e (webtiles) character file.

Game seed: 5974632746112164508

5264 dialectric the Mimic (level 10, -5/95 (98) HPs)
             Began as a Troll Shapeshifter on Mar 23, 2024.
             Slain by a yak (6 damage)
             ... on level 8 of the Dungeon.
             The game lasted 00:14:12 (6753 turns).

dialectric the Mimic (Troll Shapeshifter)           Turns: 6753, Time: 00:14:12

HP:   -5/95 (98)    AC:  4    Str: 26    XL:     10   Next: 36%
MP:   9/9           EV: 11    Int:  6    God:
Gold: 365           SH:  5    Dex: 11    Spells: 9/9 levels left

rFire   . .          .
                       - Unarmed
rCold   + . .        (no shield)
rNeg    . . .        a - +0 animal skin
rPois   .            (helmet currently unavailable)
rElec   .            (cloak currently unavailable)
rCorr   .            (gloves unavailable)
SInv    .            (boots unavailable)
Will    .....        i - amulet of reflection
Stlth   +            v - ring of flight
HPRegen 1.15/turn    y - ring of protection from cold
MPRegen 0.11/turn

%: reflection
@: beast-form, on berserk cooldown, flying, slowed, studying Maces & Flails,
lightly drained, very slow
A: beast (slay +4), large, unfitting armour, claws 3, regeneration 1, shaggy fur
1, tough skin 1
a: Begin Untransformation


You were on level 8 of the Dungeon.
You were a hulking beast.
You visited 1 branch of the dungeon, and saw 8 of its levels.
You also visited: Ossuary.

You collected 611 gold pieces.
You spent 246 gold pieces at shops.

Inventory:

Hand Weapons
 q - a +0 whip of flaming
 w - a +0 flail
Missiles
 b - a curare-tipped dart
 l - 32 poisoned darts (quivered)
Armour
 a - a +0 animal skin (worn)
 H - a +0 cloak
Jewellery
 f - a ring of see invisible
 i - an amulet of reflection (around neck)
 v - a ring of flight (left claw)
 y - a ring of protection from cold (right claw)
 z - a ring of resist corrosion
 A - a +6 ring of intelligence
Talismans
 c - a beast talisman (active)
 d - a flux talisman
 j - a flux talisman
Wands
 D - a wand of flame (5)
Scrolls
 e - 2 scrolls of teleportation
 g - a scroll of enchant weapon {unknown}
 h - 2 scrolls of amnesia {unknown}
 n - a scroll of noise {unknown}
 o - a scroll of brand weapon {unknown}
 s - a scroll of enchant armour {unknown}
 B - a scroll of immolation {unknown}
 C - a scroll of poison {unknown}
 E - a scroll of acquirement {unknown}
 I - a scroll of fog {unknown}
Potions
 k - a potion of resistance
 m - 4 potions of degeneration {unknown}
 p - 3 potions of attraction
 r - a potion of berserk rage
 t - a potion of invisibility
 u - a potion of haste {unknown}
 x - a potion of enlightenment
 F - a potion of might {unknown}
 G - 2 potions of heal wounds


   Skills:
 - Level 6.0 Fighting
 + Level 4.9 Armour
 + Level 7.4 Dodging
 - Level 4.2 Unarmed Combat
 - Level 8.0 Shapeshifting


You had 9 spell levels left.
You didn't know any spells.
Your spell library contained the following spells:

 Spells                   Type           Power      Damage    Failure   Level
 Magic Dart               Conj           0%         1d3       45%         1
 Sting                    Conj/Alch      0%         1d3       45%         1
 Blink                    Tloc           0%         N/A       58%         2
 Call Imp                 Summ           0%         N/A       58%         2
 Mercury Vapours          Alch/Air       0%         N/A       58%         2
 Call Canine Familiar     Summ           0%         N/A       83%         3
 Sigil of Binding         Hex            0%         N/A       83%         3
 Dimensional Bullseye     Hex/Tloc       0%         N/A       99%         4
 Olgreb's Toxic Radiance  Alch           0%         N/A       99%         4
 Ozocubu's Refrigeration  Ice            0%         4d7       100%        7
 Discord                  Hex            0%         N/A       100%        8


Dungeon Overview and Level Annotations

Branches:
Dungeon (8/15)             Temple (0/1) D:5            Lair (0/5) D:8
Ossuary (visited)

Altars:
Cheibriados
Gozag
Nemelex Xobeh
Zin

Shops:
D:3 ?   D:8 **

Annotations:
D:7 5 runed translucent doors, Jeremiah


Innate Abilities, Weirdness & Mutations

You are a hulking beast.
Your limbs bulge with bestial killing power. (Slay +4)
You are too large for most types of armour.
You have claws for hands.
Your natural rate of healing is unusually fast.
You are covered in fur. (AC +1)
You have tough skin. (AC +1)


Message History

You are no longer berserk.
You are exhausted.
You feel yourself slow down. You block the yak's attack.
You barely miss the yak.
The yak is almost dead.
You block the kobold's attack. The yak gores you!
The kobold hits you with a +0 club.
You claw the kobold!
You kill the kobold!
The yak gores you but does no damage. The yak completely misses you.
Unknown command.
The yak attacks as it pursues you! The yak closely misses you.
The wight attacks as it pursues you! You block the wight's attack.
The wight hits you with a +3 falchion.
Found a potion of lignification.
The wight attacks as it pursues you!
The wight hits you with a +3 falchion. x2
The centaur wields a +0 orcbow.
The centaur shoots an arrow.
The arrow barely misses you. You block the wight's attack.
The centaur shoots an arrow.
The arrow misses you.
The centaur shoots an arrow.
The arrow hits you!
The centaur shoots an arrow.
The arrow hits you.
* * * LOW HITPOINT WARNING * * *
The wight hits you with a +3 falchion!
* * * LOW HITPOINT WARNING * * *
The orc shouts!
You hear a shout!
The centaur shoots an arrow.
The arrow closely misses you. The wight attacks as it pursues you!
You block the wight's attack. The wight hits you with a +3 falchion.
* * * LOW HITPOINT WARNING * * *
The yak attacks as it pursues you! The yak gores you!
* * * LOW HITPOINT WARNING * * *
The wight completely misses you.
The centaur shoots an arrow.
The arrow misses you.
The centaur unwields a +0 orcbow.
The centaur hits you.
* * * LOW HITPOINT WARNING * * *
The centaur kicks you.
* * * LOW HITPOINT WARNING * * *
The yak gores you.
You die...

...##. ........# #.....
#......#...P.PP.. ....#
##......#≈..P>.P.≈####
...##...
........#..PPPPP..#..
........
#......<#.##..P##.#.###
<#
##......#..#...#..#...#
.##
#..z....#...≈...#....##
K.#
##...o......###).......#
.##
.......h.....†......#..#
.#
..###..Yc..####........#
## #
##.zz.####z...#....# #
##....##.....####.## .#
#....z>....#....#..# ...
#..##......#........
....
...#.#.......##.#.....
...##
#..#!..^.....####.....
....
#............##.......


You could see a yak, a centaur, 4 wights and an orc.

Vanquished Creatures
  A two-headed ogre (D:5)
  Pikel (D:5)
  A troll (D:5)
  Prince Ribbit (D:7)
  5 yaks
  A wraith (D:5)
  4 water moccasins
  An ice beast (D:4)
  3 black bears
  An ogre (D:5)
  A lemure (D:5)
  A weeping skull (Ossuary)
  3 kobold brigands (D:7)
  3 elf zombies (Ossuary)
  3 scorpions
  6 wights
  4 bombardier beetles
  2 howler monkeys
  A centaur zombie (Ossuary)
  2 human zombies (Ossuary)
  4 hounds
  A jelly (D:4)
  3 orc priests
  4 iguanas
  Terence (D:3)
  A sleepcap (D:6)
  An orc wizard (D:6)
  A crocodile zombie (Ossuary)
  A hound zombie (Ossuary)
  3 mummies (Ossuary)
  Robin (D:2)
  4 gnolls
  9 adders
  A shadow imp (D:5)
  3 white imps
  4 ufetubi
  4 adder zombies (Ossuary)
  A ribbon worm (D:4)
  A dart slug (D:1)
  11 orcs
  5 endoplasms
  3 giant cockroaches
  20 goblins
  14 hobgoblins
  4 jackals (D:4)
  5 quokkas
  8 ball pythons
  4 ball python zombies (Ossuary)
  6 bats
  7 frilled lizards
  A gnoll zombie (Ossuary)
  5 jackal zombies (Ossuary)
  14 kobolds
  5 kobold zombies (Ossuary)
  2 orc zombies (Ossuary)
  8 rats
215 creatures vanquished.

Notes
Turn   | Place    | Note
-------+----------+-------------------------------------------
     0 | D:1      | dialectric the Troll Shapeshifter began the quest for the
                  | Orb.
     0 | D:1      | Reached XP level 1. HP: 18/18 MP: 0/0
    16 | D:1      | Found a faded altar of an unknown god.
    51 | D:1      | Reached skill level 1 in Fighting
    89 | D:1      | Reached XP level 2. HP: 27/27 MP: 1/1
   354 | D:1      | Reached XP level 3. HP: 33/33 MP: 2/2
  1172 | D:2      | Reached XP level 4. HP: 41/42 MP: 3/3
  1244 | D:3      | Noticed Terence
  1250 | D:3      | Killed Terence
  1328 | D:3      | Found a snail-covered altar of Cheibriados.
  1458 | D:3      | Found Pabb's Magic Scroll Shoppe.
  1468 | D:3      | Bought a scroll of identify for 26 gold pieces
  1498 | D:3      | Found a sparkling altar of Nemelex Xobeh.
  1498 | D:3      | Noticed Robin
  1536 | D:2      | Killed Robin
  1579 | D:3      | Reached XP level 5. HP: 49/49 MP: 4/4
  1874 | D:4      | Noticed a water moccasin
  1880 | D:4      | Killed a water moccasin
  1881 | D:4      | Reached skill level 4 in Shapeshifting
  1881 | D:4      | Reached XP level 6. HP: 59/59 MP: 5/5
  2049 | D:5      | Entered Level 5 of the Dungeon
  2692 | D:5      | Reached XP level 7. HP: 60/67 MP: 6/6
  2737 | D:5      | Noticed a two-headed ogre
  2738 | D:5      | Noticed a wraith
  2740 | D:5      | Noticed a troll
  2816 | D:5      | Killed a wraith
  2845 | D:5      | Noticed Pikel
  2867 | D:5      | Killed Pikel
  2868 | D:5      | Reached skill level 5 in Fighting
  2868 | D:5      | Reached skill level 5 in Shapeshifting
  2868 | D:5      | Reached XP level 8. HP: 80/80 MP: 7/7
  3028 | D:5      | Found a staircase to the Ecumenical Temple.
  3309 | D:6      | Found a sand-covered staircase.
  3314 | Ossuary  | Entered an ossuary
  3481 | Ossuary  | Reached skill level 5 in Dodging
  3481 | Ossuary  | Reached skill level 6 in Shapeshifting
  3669 | D:6      | Reached XP level 9. HP: 89/89 MP: 8/8
  3703 | D:7      | Noticed Prince Ribbit
  3745 | D:7      | Killed Prince Ribbit
  3746 | D:7      | Reached skill level 1 in Armour
  3881 | D:7      | Found the +9 staff of Olgreb {rPois∞}
  3895 | D:7      | Noticed Jeremiah
  3911 | D:7      | Found a runed translucent door.
  3915 | D:7      | Found a runed translucent gate.
  3915 | D:7      | Found a runed translucent gate.
  4272 | D:6      | Reached skill level 7 in Shapeshifting
  4454 | D:7      | Found a runed translucent door.
  4455 | D:7      | Found a runed translucent gate.
  4776 | D:5      | Killed a troll
  4922 | D:5      | Killed a two-headed ogre
  4951 | D:5      | Reached XP level 10. HP: 98/98 MP: 9/9
  5424 | D:5      | Found a glowing silver altar of Zin.
  6075 | D:8      | Found an opulent altar of Gozag.
  6092 | D:7      | Reached skill level 8 in Shapeshifting
  6664 | D:8      | Found Xamuloon's General Store.
  6669 | D:8      | Found Joyhois's Specific Store.
  6676 | D:8      | Bought a potion of heal wounds for 55 gold pieces
  6676 | D:8      | Bought a ring of see invisible for 165 gold pieces
  6710 | D:8      | Found a staircase to the Lair.
  6752 | D:8      | HP: 2/95 [yak (15)]
  6753 | D:8      | Slain by a yak

Illustrated notes

Levels and vault maps discovered:
D:1:      dpeg_arrival_short_road, layout_loops_cross,
          dreamdust_ecumenical_altar_statues
D:2:      minmay_spotlight, layout_rooms, serial_curves, eino_curves_03,
          eino_curves_04, eino_curves_03
D:3:      layout_basic, lemuel_crystal_altar, nemelex_xobeh_ov_fountains_minmay,
          serial_shops, nicolae_lakefront_shop, uniq_robin, uniq_terence
D:4:      layout_loops_ring, amcnicky_mini_rare_corridor_liquid
D:5:      layout_rooms, marbit_many_paths, minmay_temple_entry_tees,
          serial_co_window_serial, co_window_corner_a,
          co_window_of_opportunity_a, co_window_paths_a, co_window_corner_a,
          co_window_paths_a, co_window_2corner, co_window_broadway_c,
          co_window_2corner, co_window_corner_b, co_window_corner_b,
          co_window_4corner_a, co_window_paths_d, minmay_manual_mess, uniq_pikel
D:6:      layout_rooms, enter_ossuary_2
D:7:      layout_layer_cave, minmay_guarded_unrand_staff_of_olgreb,
          uniq_jeremiah, uniq_prince_ribbit1
D:8:      layout_cave_pools, nicolae_gozag_zags_fifth_avenue, dpeg_oklobed_lair,
          nicolae_specific_store, kennysheep_small_circle

Skill      XL: |  1  2  3  4  5  6  7  8  9 10 |
---------------+-------------------------------+-----
Fighting       | 1 2 3 5 6 |  6.0
Dodging        | 2 3 4 5 6 7 |  7.4
Unarmed Combat | 4 |  4.2
Shapeshifting  | 4 5 6 7 8 |  8.0
Armour         | 3 4 |  4.9

Action                     |  1- 3 |  4- 6 |  7- 9 | 10-12 || total
---------------------------+-------+-------+-------+-------++-------
  Melee: Unarmed           |   101 |   119 |   312 |    86 ||   618
         Punch             |       |     3 |    10 |     1 ||    14
  Throw: Dart              |       |     5 |    11 |       ||    16
  Evoke: Wand              |       |       |    10 |     9 ||    19
    Use: Scroll            |       |     1 |     8 |     1 ||    10
         Potion            |       |       |     2 |     6 ||     8
   Stab: Sleeping          |       |     1 |     1 |       ||     2
 Armour: Animal skin       |    57 |    97 |   238 |    74 ||   466
         Skin              |       |       |    11 |    25 ||    36
  Dodge: Dodged            |    46 |    57 |   182 |    37 ||   322
  Block: Other             |       |     2 |    61 |    23 ||    86
         Reflection        |       |       |       |     3 ||     3

Table legend: (Time is in decaauts)
 A = Elapsed time spent in this place.
 B = Non-inter-level travel time spent in this place.
 C = Inter-level travel time spent in this place.
 D = Time resting spent in this place.
 E = Time spent auto-exploring this place.
 F = Levels seen in this place.
 G = Mean time per level.
                   A        B        C        D        E       F      G
               +--------+--------+--------+--------+--------+-----+--------+
         Total |   6736 |   6363 |    373 |    409 |   3844 |   9 |  748.4 |
       Dungeon |   6400 |   6027 |    373 |    409 |   3686 |   8 |  800.0 |
       Ossuary |    335 |    335 |      0 |      0 |    158 |   1 |  335.0 |
               +--------+--------+--------+--------+--------+-----+--------+

Top non-repeatable levels by time:
     D:7: 1639 daAuts
     D:5: 1347 daAuts
     D:4: 884 daAuts
     D:2: 640 daAuts
     D:1: 639 daAuts
     D:6: 567 daAuts
     D:3: 528 daAuts
 Ossuary: 335 daAuts
     D:8: 152 daAuts
